 Dungeon Crawl Stone Soup version 0.27.1 (webtiles) character file.

Game seed: 14616271399294439260

14060 Kinoniko the Grappler (level 11, -7/100 HPs)
             Began as a Troll Monk on Sept 1, 2021.
             Was a High Priest of Okawaru.
             Mangled by Snorg (13 damage)
             ... on level 10 of the Dungeon.
             The game lasted 00:10:32 (8081 turns).

Kinoniko the Grappler (Troll Monk)                  Turns: 8081, Time: 00:10:33

Health: -7/100     AC: 15    Str: 24    XL:     11   Next: 83%
Magic:  12/14      EV: 15    Int:  6    God:    Okawaru [*****.]
Gold:   469        SH:  0    Dex: 15    Spells: 10/10 levels left

rFire    . . .     SeeInvis +     - Unarmed
rCold    . . .     Faith    .   (no shield)
rNeg     + + .     Spirit   .   e - +1 acid dragon scales
rPois    +         Reflect  .   n - +2 hat {SInv}
rElec    .         Harm     .   C - +0 cloak {Will+}
rCorr    +         Rampage  .   (gloves unavailable)
Will     +....                  (boots unavailable)
Stlth    +++.......             (no amulet)
HPRegen  1.26/turn              t - ring "Ycouzit" {rPois rN++ Will- rCorr Str+3}
MPRegen  0.14/turn              l - ring of willpower

@: heroic, studying Stealth
A: large, unfitting armour, claws 3, regeneration 1, shaggy fur 1, tough skin 1
a: Renounce Religion, Heroism, Finesse


You were on level 10 of the Dungeon.
You worshipped Okawaru.
Okawaru was extremely pleased with you.
You visited 2 branches of the dungeon, and saw 11 of its levels.

You collected 469 gold pieces.

Inventory:

Missiles
 p - a throwing net (quivered)
Armour
 a - a +0 robe
 b - a +1 cloak
 e - +1 acid dragon scales (worn)
 n - a +2 hat of see invisible (worn)
 C - a +0 cloak of willpower (worn)
Jewellery
 d - a ring of flight
 f - a ring of magical power
 l - a ring of willpower (right claw)
 t - the ring "Ycouzit" (left claw) {rPois rN++ Will- rCorr Str+3}
   (You found it on level 8 of the Dungeon)

   [ring of poison resistance]

   Str:       It affects your strength (+3).
   rPois:     It protects you from poison.
   rN:        It greatly protects you from negative energy.
   rCorr:     It protects you from acid and corrosion.
   Will:      It decreases your willpower.
 z - an amulet of regeneration
Wands
 m - a wand of flame (27)
 B - a wand of digging (3)
Scrolls
 c - 4 scrolls of vulnerability
 h - 2 scrolls of magic mapping
 j - a scroll of amnesia
 s - a scroll of immolation
 y - a scroll of teleportation
 A - a scroll of summoning
 D - 2 scrolls of identify
Potions
 g - a potion of berserk rage
 i - a potion of degeneration {unknown}
 k - 5 potions of flight {unknown}
 o - 2 potions of attraction {unknown}
 q - 2 potions of lignification {unknown}
 r - 2 potions of curing
 u - a potion of ambrosia {unknown}
 v - 2 potions of brilliance {unknown}
 x - 2 potions of haste {unknown}
Miscellaneous
 w - a phial of floods


   Skills:
 - Level 4.1(9.1) Fighting
 - Level 5.1(10.1) Armour
 - Level 7.7(12.7) Dodging
 - Level 1.0(6.0) Stealth
 * Level 13.8(18.8) Unarmed Combat
 * Level 6.0 Invocations


You had 10 spell levels left.
You didn't know any spells.
Your spell library contained the following spells:

 Spells                   Type           Power      Damage    Failure   Level
 Summon Small Mammal      Summ           0%         N/A       52%         1
 Corpse Rot               Necr/Air       N/A        N/A       65%         2
 Poisonous Vapours        Pois/Air       0%         N/A       65%         2
 Slow                     Hex            0%         N/A       65%         2
 Static Discharge         Conj/Air       0%         N/A       65%         2
 Sublimation of Blood     Necr           0%         N/A       65%         2
 Wereblood                Tmut           0%         N/A       65%         2
 Call Canine Familiar     Summ           0%         N/A       87%         3
 Confusing Touch          Hex            0%         N/A       87%         3
 Dazzling Flash           Conj/Hex       0%         N/A       87%         3
 Gell's Gravitas          Tloc           0%         N/A       87%         3
 Inner Flame              Hex/Fire       0%         N/A       87%         3
 Portal Projectile        Hex/Tloc       0%         N/A       87%         3
 Summon Guardian Golem    Hex/Summ       0%         N/A       87%         3
 Teleport Other           Tloc           0%         N/A       87%         3
 Tukima's Dance           Hex            0%         N/A       87%         3
 Vampiric Draining        Necr           0%         2d6       87%         3
 Dispel Undead            Necr           0%         3d6       99%         4
 Petrify                  Tmut/Erth      0%         N/A       99%         4
 Sticky Flame             Conj/Fire      0%         2d3       99%         4
 Agony                    Necr           0%         N/A       100%        5
 Blade Hands              Tmut           0%         N/A       100%        5
 Freezing Cloud           Conj/Ice/Air   0%         6-21      100%        5
 Irradiate                Conj/Tmut      0%         3d13      100%        5
 Silence                  Hex/Air        0%         N/A       100%        5
 Conjure Ball Lightning   Conj/Air       0%         3x3d6     100%        6
 Dispersal                Tloc           0%         N/A       100%        6
 Starburst                Conj/Fire      0%         6d3       100%        6
 Dragon Form              Tmut           0%         N/A       100%        7
 Summon Hydra             Summ           0%         N/A       100%        7
 Discord                  Hex            0%         N/A       100%        8
 Disjunction              Tloc           0%         N/A       100%        8


Dungeon Overview and Level Annotations

Branches:
Dungeon (10/15)            Temple (1/1) D:6
   Lair: D:8-11         Orc: D:9-12

Altars:
Ashenzari
Cheibriados
Dithmenos
Elyvilon
Fedhas
Gozag
Hepliaklqana
Kikubaaqudgha
Makhleb
Nemelex Xobeh
Okawaru
Qazlal
Ru
Sif Muna
Trog
Uskayaw
Vehumet
Wu Jian
Xom
Yredelemnul
Zin
The Shining One

Shops:
D:1 **[   D:2 [   D:5 (

Annotations:
D:3 2 transporters, YellowTheWhite's ghost, weakling DgFi
D:10 Snorg


Innate Abilities, Weirdness & Mutations

You are too large for most types of armour.
You have claws for hands.
Your natural rate of healing is unusually fast.
You are covered in fur. (AC +1)
You have tough skin. (AC +1)


Message History

You scratch Snorg. Your claw misses Snorg.
Snorg is moderately wounded.
Snorg bites you! Snorg claws you! Snorg claws you but does no damage.
You scratch Snorg.
Snorg is moderately wounded.
Snorg bites you. Snorg claws you but does no damage. Snorg claws you.
You are too injured to fight recklessly!
You are too injured to fight recklessly!
You are too injured to fight recklessly!
You are too injured to fight recklessly!
You are too injured to fight recklessly!
You are too injured to fight recklessly!
You are too injured to fight recklessly!
You are too injured to fight recklessly!
You are too injured to fight recklessly!
You are too injured to fight recklessly!
You are too injured to fight recklessly!
Unknown command.
You gain the combat prowess of a mighty hero.
Snorg misses you. Snorg claws you! Snorg misses you. Snorg closely misses you.
Snorg claws you but does no damage. Snorg claws you!
* * * LOW HITPOINT WARNING * * *
You barely miss Snorg.
Snorg is moderately wounded.
Snorg barely misses you. Snorg completely misses you. Snorg barely misses you.
You completely miss Snorg.
Snorg is moderately wounded.
Snorg bites you!
* * * LOW HITPOINT WARNING * * *
Snorg claws you.
* * * LOW HITPOINT WARNING * * *
Snorg claws you but does no damage.
It was a potion of curing.
You feel better. Snorg bites you!
* * * LOW HITPOINT WARNING * * *
Snorg claws you but does no damage. Snorg claws you.
* * * LOW HITPOINT WARNING * * *
Snorg bites you.
* * * LOW HITPOINT WARNING * * *
Snorg closely misses you. Snorg claws you!
You die...

.#...####....#
.....##......#
.#......#....###########
.#...........#.........
...............?.....#
.............#.......#
..#....##....#.......#
)...#####............#
................@T...#
.......####.##.......#
.#..........##.......#
.#..####..############
.....# ##...# .....#
###.###### )....#
#......####
.....##########.....#
....^...............#


You could see Snorg (berserk).

Vanquished Creatures
  The ghost of fram the Cleaver, a journeyman DDFi of Makhleb (D:8)
  A boulder beetle (D:10)
  6 two-headed ogres
  Urug (D:10)
  A flayed ghost (D:8)
  Joseph (D:8)
  2 unseen horrors (D:10)
  A hornet (D:7)
  5 wraiths (D:8)
  A wyvern (D:10)
  7 yaks
  A fire bat (D:8)
  2 steam dragons
  Grum (D:8)
  Edmund (D:4)
  5 orc warriors
  An acid dragon (D:5)
  A sky beast (D:7)
  3 wolves (D:8)
  2 ice beasts
  A black bear (D:6)
  3 necrophages
  2 ogres
  A phantom (D:4)
  2 centaurs
  3 bullfrogs (D:8)
  Blork the orc (D:5)
  5 scorpions
  A water moccasin zombie (D:5)
  2 water moccasin skeletons
  7 killer bees
  7 wights
  2 howler monkeys
  2 electric eels (D:9)
  A centaur zombie (D:6)
  A jelly (D:7)
  2 gnoll shamans
  6 orc priests
  A hound (D:5)
  Ijyb (D:3)
  Terence (D:3)
  4 iguanas
  7 orc wizards
  A hound zombie (D:5)
  9 adders
  14 gnolls
  2 howler monkey skeletons
  A white imp (D:5)
  An ufetubus (D:6)
  A worm (D:4)
  2 dart slugs (D:1)
  27 orcs
  5 ball pythons
  8 endoplasms
  3 giant cockroaches
  6 goblins
  8 hobgoblins
  3 quokkas
  14 bats
  4 frilled lizards
  4 kobolds
  4 rats
224 creatures vanquished.

Vanquished Creatures (others)
  5 plants (D:3)
5 creatures vanquished.

Grand Total: 229 creatures vanquished

Notes
Turn   | Place    | Note
-------+----------+-------------------------------------------
     0 | D:1      | Kinoniko the Troll Monk began the quest for the Orb.
     0 | D:1      | Reached XP level 1. HP: 22/22 MP: 0/0
   117 | D:1      | Found a faded altar of an unknown god.
   145 | D:1      | Reached XP level 2. HP: 29/29 MP: 1/1
   198 | D:1      | Found Ruocs's Assorted Antiques.
   443 | D:1      | Found Soshed's General Store.
   479 | D:1      | Found Efodd's Antique Armour Emporium.
   963 | D:2      | Reached XP level 3. HP: 36/36 MP: 2/2
  1052 | D:2      | Reached skill level 4 in Unarmed Combat
  1117 | D:2      | Found Ramodif's Antique Armour Emporium.
  1315 | D:3      | Found a transporter.
  1319 | D:3      | Found a transporter.
  1343 | D:3      | Noticed YellowTheWhite's ghost (weakling DgFi)
  1359 | D:3      | Noticed Ijyb
  1367 | D:3      | Killed Ijyb
  1368 | D:3      | Reached XP level 4. HP: 39/44 MP: 3/3
  1373 | D:3      | Noticed Terence
  1390 | D:3      | Killed Terence
  1488 | D:3      | Reached skill level 5 in Unarmed Combat
  1488 | D:3      | Reached XP level 5. HP: 50/50 MP: 4/4
  1691 | D:3      | Found an ornate altar of the Wu Jian Council.
  1850 | D:4      | Noticed a phantom
  1871 | D:4      | Killed a phantom
  1872 | D:4      | Reached XP level 6. HP: 45/59 MP: 5/5
  1910 | D:4      | Reached skill level 6 in Unarmed Combat
  2131 | D:4      | Identified the +6 chain mail of Semipot {*Corrode *Slow
                  | Str+4 Int+6}
  2211 | D:4      | Noticed Edmund
  2229 | D:4      | Killed Edmund
  2312 | D:4      | Reached XP level 7. HP: 60/66 MP: 6/6
  2518 | D:4      | Reached skill level 7 in Unarmed Combat
  2616 | D:5      | Entered Level 5 of the Dungeon
  2681 | D:5      | Reached skill level 8 in Unarmed Combat
  2687 | D:5      | Reached skill level 5 in Dodging
  2687 | D:5      | Reached XP level 8. HP: 74/74 MP: 7/7
  2717 | D:5      | Noticed Blork the orc
  2720 | D:5      | Killed Blork the orc
  2721 | D:5      | Reached skill level 9 in Unarmed Combat
  2808 | D:5      | Found Dikle's Weapon Shoppe.
  3308 | D:6      | Reached skill level 1 in Armour
  3318 | D:6      | Reached XP level 9. HP: 76/80 MP: 8/8
  3375 | D:6      | Reached skill level 10 in Unarmed Combat
  3491 | D:6      | Found a staircase to the Ecumenical Temple.
  3536 | Temple   | Entered the Ecumenical Temple
  3704 | Temple   | Became a worshipper of Warmaster Okawaru
  3704 | Temple   | Reached * piety under Okawaru
  3704 | Temple   | Reached ** piety under Okawaru
  3925 | D:6      | Noticed a two-headed ogre
  3938 | D:6      | Killed a two-headed ogre
  3939 | D:6      | Reached skill level 11 in Unarmed Combat
  4517 | D:7      | Reached *** piety under Okawaru
  4614 | D:7      | Reached XP level 10. HP: 88/88 MP: 9/9
  5085 | D:8      | Noticed Grum
  5103 | D:8      | Killed Grum
  5137 | D:8      | Found a runed translucent door.
  5137 | D:8      | Noticed fram's ghost (journeyman DDFi)
  5269 | D:8      | Identified the ring "Ycouzit" {rPois rN++ Will- rCorr
                  | Str+3}
  5365 | D:8      | Found a runed translucent door.
  5395 | D:8      | Found a basalt altar of Yredelemnul.
  5405 | D:8      | Found an opulent altar of Gozag.
  5424 | D:8      | Found a sparkling altar of Nemelex Xobeh.
  5445 | D:8      | Found an iron altar of Okawaru.
  5496 | D:8      | Reached **** piety under Okawaru
  5515 | D:8      | Found an ancient bone altar of Kikubaaqudgha.
  5531 | D:8      | Reached skill level 12 in Unarmed Combat
  5537 | D:8      | Found a burning altar of Makhleb.
  5632 | D:8      | Noticed Joseph
  5633 | D:8      | Noticed a two-headed ogre
  5643 | D:8      | Killed a two-headed ogre
  5650 | D:8      | Killed Joseph
  5757 | D:8      | Reached skill level 5 in Armour
  5762 | D:8      | Reached ***** piety under Okawaru
  6016 | D:8      | Reached XP level 11. HP: 100/100 MP: 10/10
  6020 | D:8      | Reached skill level 1 in Invocations
  6372 | D:8      | Noticed a flayed ghost
  6381 | D:8      | Killed a flayed ghost
  6381 | D:8      | Received a gift from Okawaru
  6388 | D:8      | Got Kerchat's Collected Works on Conjuration and
                  | Enchantment
  6462 | D:8      | Killed fram's ghost
  6573 | D:9      | Noticed a two-headed ogre
  6584 | D:9      | Killed a two-headed ogre
  6608 | D:9      | Noticed a two-headed ogre
  6618 | D:9      | Killed a two-headed ogre
  6619 | D:9      | Reached skill level 13 in Unarmed Combat
  6780 | D:9      | Noticed a two-headed ogre
  6789 | D:9      | Killed a two-headed ogre
  6892 | D:9      | Noticed a two-headed ogre
  6910 | D:9      | Killed a two-headed ogre
  7655 | D:10     | Entered Level 10 of the Dungeon
  7673 | D:10     | Reached skill level 5 in Invocations
  7688 | D:10     | Noticed a boulder beetle
  7689 | D:10     | Noticed Urug
  7700 | D:10     | Killed a boulder beetle
  7700 | D:10     | Received a gift from Okawaru
  7713 | D:10     | Killed Urug
  8069 | D:10     | Noticed Snorg
  8081 | D:10     | Mangled by Snorg

Illustrated notes

Levels and vault maps discovered:
D:1:      zaba_arrival_water, layout_loops_corners, basic_ecumenical_altar,
          serial_shops, nicolae_shop_behind_doors, shop, nicolae_lakefront_shop
D:2:      layout_basic, serial_shops, shop, minmay_3d_cube
D:3:      layout_rooms, overflow_temple_1_default,
          gammafunk_ghost_gnarly_gnolls, uniq_ijyb, uniq_terence
D:4:      layout_basic, minmay_manual_macuahuitl, uniq_edmund
D:5:      layout_cave_pools, serial_shops,
          nicolae_shop_competitors_out_of_business, uniq_blork_the_orc
D:6:      layout_basic, minmay_temple_entry_trees
D:7:      layout_rooms, corexii_checkpoint_b
D:8:      due_megacathedral, layout_basic, hellmonk_ghost_happy_afterlife,
          uniq_joseph, uniq_grum
D:9:      layout_basic
D:10:     layout_rooms, corexii_corridor_pit, uniq_snorg, uniq_urug
Temple:   minmay_crystal_snake_temple

Skill      XL: |  1  2  3  4  5  6  7  8  9 10 11 |
---------------+----------------------------------+-----
Unarmed Combat | 4 5 6 8 9 11 12 13 | 13.8
Dodging        | 3 4 5 6 7 |  7.7
Armour         | 1 3 5 |  5.1
Fighting       | 4 |  4.1
Invocations    | 6 |  6.0
Stealth        | |  1.0

Action                   |  1- 3 |  4- 6 |  7- 9 | 10-12 || total
-------------------------+-------+-------+-------+-------++-------
Melee: Unarmed           |    80 |   150 |   222 |   306 ||   758
       Punch             |     1 |     2 |    19 |    17 ||    39
Invok: Heroism           |       |       |     1 |     3 ||     4
       Finesse           |       |       |       |     1 ||     1
  Use: Scroll            |       |     4 |     4 |     3 ||    11
       Potion            |       |       |       |     3 ||     3
 Stab: Invisible         |       |       |       |     4 ||     4
       Sleeping          |       |       |       |     1 ||     1
Armor: Robe              |    27 |    32 |    18 |       ||    77
       Acid dragon scale |       |       |    72 |   121 ||   193
Dodge: Dodged            |    39 |    76 |   113 |   176 ||   404
